 Dungeon Crawl Stone Soup version 0.27-a0-1513-g2aaa0cc67b (webtiles) character file.

Game seed: 16250321185711847510

91 lunkers the Insei (level 4, 0/33 HPs)
             Began as a Djinni Warper on July 9, 2021.
             Slain by a water moccasin skeleton (5 damage)
             ... on level 3 of the Dungeon.
             The game lasted 00:04:53 (3545 turns).

lunkers the Insei (Djinni Warper)                   Turns: 3545, Time: 00:04:53

Health: 0/33       AC:  3    Str: 11    XL:     4   Next: 88%
Gold:   127        EV: 11    Int: 14    God:
                   SH:  0    Dex: 13

rFire    + + .     SeeInvis .     - Unarmed
rCold    x . .     Faith    .   (no shield)
rNeg     . . .     Spirit   .   a - +0 leather armour
rPois    ∞         Reflect  .   (no helmet)
rElec    .         Harm     .   (no cloak)
rCorr    .         Rampage  .   (no gloves)
Will     .....                  (boots unavailable)
Stlth    +.........             (no amulet)
HPRegen  0.11/turn              (no ring)
MPRegen  0.00/turn              (no ring)

@: flying
A: sickness immunity, fire resistance 2, cold vulnerability 1, float, innate
caster, hp casting, extra vitality 1
a: no special abilities


You were on level 3 of the Dungeon.
You visited 1 branch of the dungeon, and saw 4 of its levels.

You collected 127 gold pieces.

Inventory:

Missiles
 e - 78 stones (quivered)
Armour
 a - a +0 leather armour (worn)
Jewellery
 j - an amulet of faith
Wands
 n - a wand of paralysis (9)
Scrolls
 b - a scroll of blinking
 c - a scroll of noise {unknown}
 f - 3 scrolls of identify {unknown}
 k - 2 scrolls of torment {unknown}
 l - a scroll of immolation {unknown}
 m - a scroll of enchant armour {unknown}
Potions
 d - 2 potions of might {unknown}
 g - a potion of curing {unknown}
 h - 2 potions of berserk rage {unknown}
 i - a potion of degeneration {unknown}
 o - a potion of flight {unknown}


   Skills:
 - Level 2.0 Fighting
 - Level 0.7 Throwing
 - Level 1.0 Armour
 - Level 2.1 Dodging
 * Level 4.4 Unarmed Combat
 - Level 2.6 Spellcasting


You couldn't memorise any spells.
You knew the following spells:

 Your Spells              Type           Power      Damage    Failure   Level
b - Lesser Beckoning      Tloc           4%         N/A       30%         3
c - Gell's Gravitas       Tloc           4%         N/A       30%         3
d - Teleport Other        Tloc           9%         N/A       30%         3
e - Manifold Assault      Tloc           9%         N/A       95%         5
p - Corona                Hex            10%        N/A       10%         1
q - Blink                 Tloc           N/A        N/A       16%         2
Your spell library was empty.

Dungeon Overview and Level Annotations

Branches:
Dungeon (4/15)
 Temple: D:4-7

Altars:
Kikubaaqudgha
Uskayaw


Innate Abilities, Weirdness & Mutations

You are immune to sickness and miasma.
You are immune to poison.
Your flesh is very heat resistant. (rF++)
You are vulnerable to cold. (rC-)
You float through the air rather than walking.
You learn spells naturally, not from books.
Your magical power is your life essence.
You have superior vitality. (+4 HP)


Message History

You see here a +0 club.
There is a stone staircase leading down here.
You start resting.
HP restored.
You fly downwards.
There is a stone staircase leading up here.
There is a stone staircase leading down here.
You fly downwards.
A kobold and an ogre come into view.
The ogre shouts!
Found a scroll labelled EKLODI SIACKA, 33 gold pieces and a hand axe.
There is a stone staircase leading up here.
There are monsters nearby!
There are monsters nearby!
You throw a stone. The stone barely misses the ogre.
The kobold throws a stone.
The stone barely misses you.
The stone hits the ogre.
The ogre barely misses you.
You fly upwards.
There is a stone staircase leading down here.
You barely miss the ogre.
The ogre is lightly wounded.
You barely miss the ogre.
The ogre is lightly wounded.
The ogre hits you with a +0 giant club!!
Ouch! That really hurt!
* * * LOW HITPOINT WARNING * * *
Casting: Blink (safe; 16% risk of failure)
Confirm with . or Enter, or press ? or * to list all spells.
Okay, then.
Casting: Blink (safe; 16% risk of failure)
Confirm with . or Enter, or press ? or * to list all spells.
You blink.
* * * LOW HITPOINT WARNING * * *
There is a stone staircase leading down here.
The water moccasin skeleton bites you but does no damage.
The water moccasin skeleton bites you.
* * * LOW HITPOINT WARNING * * *
There is a stone staircase leading up here.
The water moccasin skeleton bites you.
You die...

##>#####.#########.######
#.#...####.### #....)..
#............# #..####.
###...####.#.#######..##
#. ##.##
#.#.##............ #.#
#.......###..###.. #.#
#O#####.# #..# #.< #.#
#Z# #<# #..# #.. #.# #@#
#.# #..# #.. #.
#.#####.###..###..
..............)...
##............##...
#.#####.####(##... #.#
#.# #.#.... #.# #..
....#.. #.# ### #.#....
######.


You could see an ogre and a water moccasin skeleton.

Vanquished Creatures
  3 adders
  2 worms (D:2)
  A dart slug (D:2)
  An orc (D:3)
  6 endoplasms
  4 giant cockroaches
  10 goblins
  3 hobgoblins
  2 jackals (D:1)
  A quokka (D:2)
  4 ball pythons
  5 bats
  3 frilled lizards
  2 kobolds (D:3)
  7 rats
54 creatures vanquished.

Notes
Turn   | Place    | Note
-------+----------+-------------------------------------------
     0 | D:1      | lunkers the Djinni Warper began the quest for the Orb.
     0 | D:1      | Reached XP level 1. HP: 18/18 MP: 0/0
   346 | D:1      | Reached XP level 2. HP: 23/23 MP: 0/0
   911 | D:2      | Reached skill level 3 in Unarmed Combat
   911 | D:2      | Reached XP level 3. HP: 28/28 MP: 0/0
   911 | D:2      | Learned a level 1 spell: Corona
  1243 | D:2      | Found a faded altar of an unknown god.
  2069 | D:2      | Reached XP level 4. HP: 33/33 MP: 0/0
  2174 | D:2      | Reached skill level 4 in Unarmed Combat
  3142 | D:3      | Found a hide-covered altar of Uskayaw.
  3174 | D:3      | Noticed an ice beast
  3518 | D:4      | Noticed an ogre
  3545 | D:3      | Slain by a water moccasin skeleton

Illustrated notes

Levels and vault maps discovered:
D:1:      roderic_crossed_star, layout_rooms
D:2:      layout_rooms, hellmonk_ecumenical_altar_leap_of_faith, basic_altar,
          chequers_serial_rivers_small_b, minmay_goblin_outpost
D:3:      layout_loops_ring, nicolae_uskayaw_murder_on_the_dancefloor,
          hangedman_decor_lopped
D:4:      layout_rooms, minmay_stone_trees_small

Skill      XL: |  1  2  3  4 |
---------------+-------------+-----
Unarmed Combat | 3 4 |  4.4
Fighting       | |  2.0
Throwing       | |  0.7
Armour         | |  1.0
Dodging        | |  2.1
Spellcasting   | |  2.6

Action                   |  1- 3 |  4- 6 || total
-------------------------+-------+-------++-------
Melee: Unarmed           |   139 |    69 ||   208
       Punch             |     1 |     1 ||     2
Throw: Stone             |    41 |    63 ||   104
       Boomerang         |       |     5 ||     5
 Cast: Corona            |     2 |       ||     2
       Blink             |       |     2 ||     2
Armor: Leather armour    |    31 |    17 ||    48
Dodge: Dodged            |    78 |    41 ||   119

Table legend: (Time is in decaauts)
 A = Elapsed time spent in this place.
 B = Non-inter-level travel time spent in this place.
 C = Inter-level travel time spent in this place.
 D = Time resting spent in this place.
 E = Time spent auto-exploring this place.
 F = Levels seen in this place.
 G = Mean time per level.
                   A        B        C        D        E       F      G
               +--------+--------+--------+--------+--------+-----+--------+
         Total |   3539 |   3460 |     79 |    700 |   2140 |   4 |  884.8 |
       Dungeon |   3539 |   3460 |     79 |    700 |   2140 |   4 |  884.8 |
               +--------+--------+--------+--------+--------+-----+--------+

Top non-repeatable levels by time:
     D:2: 1849 daAuts
     D:1: 869 daAuts
     D:3: 818 daAuts
     D:4: 2 daAuts
